 Dungeon Crawl Stone Soup version 0.18.1-50-g88ac8fd (webtiles) character file.

168 magog001 the Bolt Thrower (level 5, 0/45 HPs)
             Began as a Minotaur Hunter on June 20, 2018.
             Slain by a black bear (1 damage)
             ... on level 3 of the Dungeon.
             The game lasted 00:13:29 (2278 turns).

magog001 the Bolt Thrower (Minotaur Hunter)         Turns: 2278, Time: 00:13:30

Health: 0/45       AC:  4    Str: 15 (18) XL:     5   Next: 23%
Magic:  4/4        EV:  9    Int:  8      God:
Gold:   68         SH:  8    Dex:  8 (10) Spells: 0 memorised, 4 levels left

rFire  . . .     SeeInvis .     b - +0 short sword
rCold  . . .     Gourm    .     c - +0 leather armour
rNeg   . . .     Faith    .     e - +1 shield
rPois  .         Spirit   .     (helmet restricted)
rElec  .         Dismiss  .     o - +0 cloak
rCorr  .         Reflect  .     (no gloves)
SustAt .         Harm     .     (no boots)
MR     .....                    (no amulet)
Stlth  +.........               (no ring)
                                (no ring)

@: not resistant to hostile enchantments, very unstealthy
A: retaliatory headbutt, horns 2
a: no special abilities


You were on level 3 of the Dungeon.
You were not hungry.

You visited 1 branch of the dungeon, and saw 4 of its levels.

You collected 68 gold pieces.

Inventory:

Hand Weapons
 a - a +1 hand crossbow
 b - a +0 short sword (weapon)
Missiles
 h - 22 sling bullets
 n - 17 poisoned needles
Armour
 c - a +0 leather armour (worn)
 e - a +1 shield (worn)
 o - a +0 cloak (worn)
Scrolls
 i - a scroll of immolation {unknown}
 j - a scroll of fog
 l - a scroll of teleportation
 m - a scroll of identify {unknown}
Potions
 g - a potion of cure mutation
Comestibles
 f - 5 bread rations
 k - 8 chunks of flesh
 r - 2 meat rations


   Skills:
 * Level 3.0 Fighting
 * Level 6.2 Crossbows
 * Level 2.3 Armour
 - Level 2.1 Dodging
 + Level 1.0 Stealth
 * Level 1.6 Shields


You had 4 spell levels left.
You didn't know any spells.

Dungeon Overview and Level Annotations

Branches:
Dungeon (4/15)
 Temple: D:4-7

Altars:
Ashenzari
Dithmenos
Qazlal


Innate Abilities, Weirdness & Mutations

You reflexively headbutt those who attack you in melee.
You have a pair of horns on your head.


Message History

You hit the black bear.
The black bear is heavily wounded.
The black bear completely misses you. The black bear claws you.
* * * LOW HITPOINT WARNING * * *
You block the black bear's attack.
You hit the black bear.
The black bear is heavily wounded.
The black bear closely misses you. x2; The black bear claws you.
* * * LOW HITPOINT WARNING * * *
You hit the black bear but do no damage.
The black bear is heavily wounded.
The black bear closely misses you. You furiously retaliate!
You headbutt the black bear! The black bear completely misses you.
You block the black bear's attack.
You hit the black bear but do no damage.
The black bear is almost dead.
You block the black bear's attack. x2; The black bear claws you.
* * * LOW HITPOINT WARNING * * *
You block the black bear's attack. The black bear claws you.
You die...

.##.#.....##...###.#### ##.....#
.##.#.....##.####..######.....##
###...#.#.#..(....###....:..###
###...._.....(..............#
......#.#.....#####.........#
###.........<.(.(...#.....<.#
#............♣...♣.##.######
#..............h..()((#
##..............@...####
#...................#
#..#......[.....♣..##
.....##....#.......#
#...#...#....####..#
......###...######.#
..............)....#
.####...#.....######
######.........##


You could see a black bear.

Vanquished Creatures
  3 gnolls (D:2)
  6 adders
  2 oozes
  2 worms (D:2)
  A dart slug (D:1)
  3 giant geckos
  An orc (D:3)
  5 giant cockroaches
  5 goblins
  9 hobgoblins
  3 jackals (D:1)
  7 kobolds
  A quokka (D:3)
  10 bats
  A giant newt (D:2)
  7 rats
66 creatures vanquished.

Notes
Turn   | Place    | Note
--------------------------------------------------------------
     0 | D:1      | magog001 the Minotaur Hunter began the quest for the Orb.
     0 | D:1      | Reached XP level 1. HP: 18/18 MP: 0/0
   115 | D:1      | Reached XP level 2. HP: 22/25 MP: 1/1
   233 | D:1      | Reached skill level 5 in Crossbows
   499 | D:1      | Reached XP level 3. HP: 30/30 MP: 2/2
   939 | D:2      | Reached skill level 1 in Armour
  1128 | D:2      | Reached skill level 1 in Shields
  1201 | D:2      | Found a stormy altar of Qazlal.
  1217 | D:2      | Reached XP level 4. HP: 31/37 MP: 3/3
  1221 | D:2      | Reached skill level 1 in Stealth
  1609 | D:3      | Gained mutation: Your body sometimes deteriorates upon taking damage. [potion of mutation]
  1609 | D:3      | Gained mutation: You are somewhat resistant to further mutation. [potion of mutation]
  1613 | D:3      | Reached skill level 6 in Crossbows
  1623 | D:3      | Lost mutation: You are somewhat resistant to further mutation. [potion of cure mutation]
  1623 | D:3      | Lost mutation: Your body sometimes deteriorates upon taking damage. [potion of cure mutation]
  1627 | D:3      | HP: 2/55 [ooze (1)]
  1633 | D:3      | HP: 2/55 [poisoned by an adder]
  1940 | D:3      | Found a shattered altar of Ashenzari.
  1971 | D:3      | Reached XP level 5. HP: 37/44 MP: 4/4
  2040 | D:3      | Found a shadowy altar of Dithmenos.
  2265 | D:4      | Noticed a black bear
  2278 | D:3      | HP: 1/45 [black bear (3)]
  2278 | D:3      | Slain by a black bear

Skill      XL: |  1  2  3  4  5 |
---------------+----------------+-----
Crossbows      | 5 6 |  6.2
Armour         | 1 2 |  2.3
Shields        | 1 |  1.6
Stealth        | 1 |  1.0
Fighting       | 3 |  3.0
Dodging        | |  2.1

Action                   |  1- 3 |  4- 6 || total
-------------------------+-------+-------++-------
Melee: Whip              |       |    36 ||    36
       Headbutt          |       |     6 ||     6
       Short sword       |       |     5 ||     5
 Fire: Hand crossbow     |   102 |    46 ||   148
  Use: Scroll            |       |     6 ||     6
       Potion            |       |     5 ||     5
  Eat: Chunk             |     1 |     3 ||     4
Armor: Leather armour    |    10 |    18 ||    28
       Skin              |       |     6 ||     6
Dodge: Dodged            |    22 |    31 ||    53
Block: Shield            |    29 |    43 ||    72
